 Dungeon Crawl Stone Soup version 0.29-a0-791-ga0f254aafb (webtiles) character file.

Game seed: 2521327951931787288

43 Malachi the Sneak (level 3, 0/27 HPs)
             Began as a Demonspawn Brigand on July 3, 2022.
             Slain by an adder (1 damage)
             ... on level 2 of the Dungeon.
             The game lasted 00:01:00 (1307 turns).

Malachi the Sneak (Demonspawn Brigand)              Turns: 1307, Time: 00:01:01

Health: 0/27       AC:  6    Str: 11    XL:     3   Next: 37%
Magic:  3/3        EV: 11    Int: 12    God:
Gold:   84         SH:  0    Dex: 16    Spells: 2/2 levels left

rFire   . . .      SeeInvis .   a - +2 dagger
rCold   . . .      Faith    .   (no shield)
rNeg    . . .      Spirit   .   b - +0 robe
rPois   .          Reflect  .   n - +1 hat
rElec   .          Harm     .   c - +0 cloak
rCorr   .          Rampage  .   (no gloves)
Will    .....                   (no boots)
Stlth   +++.......              (no amulet)
HPRegen 0.09/turn               (no ring)
MPRegen 0.08/turn               (no ring)

@: mighty, lethally poisoned (0 -> -7)
A: icy blue scales 1
a: no special abilities


You were on level 2 of the Dungeon.
You visited 1 branch of the dungeon, and saw 2 of its levels.

You collected 84 gold pieces.

Inventory:

Hand Weapons
 a - a +2 dagger (weapon)
Missiles
 d - 15 poisoned darts (quivered)
 e - 3 curare-tipped darts
Armour
 b - a +0 robe (worn)
 c - a +0 cloak (worn)
 n - a +1 hat (worn)
Scrolls
 f - 2 scrolls of fog {unknown}
 g - a scroll of vulnerability {unknown}
 h - 3 scrolls of teleportation {unknown}
 j - a scroll of noise {unknown}
 k - a scroll of blinking {unknown}
 l - a scroll of enchant weapon {unknown}
 o - a scroll of identify {unknown}
Potions
 i - a potion of might
 m - a potion of heal wounds {unknown}


   Skills:
 - Level 2.0 Fighting
 * Level 3.5 Short Blades
 - Level 1.7 Throwing
 - Level 0.8 Dodging
 - Level 3.6 Stealth


You had 2 spell levels left.
You didn't know any spells.
Your spell library contained the following spells:

 Spells                   Type           Power      Damage    Failure   Level
 Sandblast                Erth           0%         2d4       32%         1
 Passwall                 Tmut/Erth      0%         N/A       45%         2
 Sublimation of Blood     Necr           0%         N/A       45%         2
 Wereblood                Tmut           0%         N/A       45%         2
 Stone Arrow              Conj/Erth      0%         3d7       69%         3
 Animate Dead             Necr           0%         N/A       97%         4
 Haunt                    Necr/Summ      0%         N/A       100%        7
 Summon Hydra             Summ           0%         N/A       100%        7
 Infestation              Necr           0%         N/A       100%        8


Dungeon Overview and Level Annotations

Branches:
Dungeon (2/15)

Altars:


Innate Abilities, Weirdness & Mutations

You are partially covered in icy blue scales. (AC +2)


Message History

You closely miss the adder.
The adder is moderately wounded.
You feel sick. The adder closely misses you. The adder barely misses you.
You hit the adder.
The adder is severely wounded.
You feel sick.
The adder bites you but does no damage. x2
You barely miss the adder.
The adder is severely wounded.
The adder misses you. The adder bites you but does no damage.
You closely miss the adder.
The adder is severely wounded.
You feel sick. The adder bites you.
You are more poisoned.
The adder poisons you! The adder closely misses you.
You are too injured to fight recklessly!
You are too injured to fight recklessly!
You are too injured to fight recklessly!
You are too injured to fight recklessly!
You closely miss the adder.
The adder is severely wounded.
You feel sick. The adder barely misses you. x2
You barely miss the adder.
The adder is severely wounded.
You feel sick. The adder misses you. The adder closely misses you.
You miss the adder.
The adder is severely wounded.
You feel sick. The adder bites you but does no damage. The adder bites you.
* * * LOW HITPOINT WARNING * * *
You are lethally poisoned!
The adder poisons you!
You closely miss the adder.
The adder is severely wounded.
* * * LOW HITPOINT WARNING * * *
You feel sick. The adder barely misses you. x2
It was a potion of might.
You feel very mighty all of a sudden.
* * * LOW HITPOINT WARNING * * *
You feel sick. The adder bites you but does no damage.
The adder barely misses you. The adder bites you.
You die...

... #.# ###### #.# #.#
###+# ###.###.# .....
#....##.#######
###...##....#.........
......#..............
#...(#...#..........
#..SS#...#..........
#...@....##.........
#........##..#######
#....†.$.###.#
#.......## .>.
#....#### ... #....#
####.# #.# #.


You could see 2 adders.

Vanquished Creatures
  An adder (D:2)
  A dart slug (D:2)
  2 bats
  2 endoplasms
  6 hobgoblins (D:1)
  5 ball pythons
  2 frilled lizards (D:1)
  4 goblins
  4 kobolds (D:1)
  3 rats
30 creatures vanquished.

Notes
Turn   | Place    | Note
-------+----------+-------------------------------------------
     0 | D:1      | Malachi the Demonspawn Brigand began the quest for the Orb.
     0 | D:1      | Reached XP level 1. HP: 16/16 MP: 1/1
   213 | D:1      | Gained mutation: You are partially covered in icy blue
                  | scales. (AC +2) [demonic ancestry]
   213 | D:1      | Reached XP level 2. HP: 21/22 MP: 2/2
  1064 | D:2      | Reached XP level 3. HP: 21/27 MP: 3/3
  1307 | D:2      | HP: 1/27 [poisoned by an adder]
  1307 | D:2      | Slain by an adder

Illustrated notes

Levels and vault maps discovered:
D:1:      dpeg_arrival_solitude, layout_rooms,
          hangedman_abyss_or_decor_lesser_grid
D:2:      layout_basic

Skill      XL: |  1  2 |
---------------+-------+-----
Short Blades   | 2 3 |  3.5
Fighting       | |  2.0
Throwing       | |  1.7
Dodging        | |  0.8
Stealth        | |  3.6

Action                   || total
-------------------------++-------
Melee: Dagger            ||   103
       Punch             ||     2
  Use: Potion            ||     1
Armor: Robe              ||    45
Dodge: Dodged            ||    51

Table legend: (Time is in decaauts)
 A = Elapsed time spent in this place.
 B = Non-inter-level travel time spent in this place.
 C = Inter-level travel time spent in this place.
 D = Time resting spent in this place.
 E = Time spent auto-exploring this place.
 F = Levels seen in this place.
 G = Mean time per level.
                   A        B        C        D        E       F      G
               +--------+--------+--------+--------+--------+-----+--------+
         Total |   1292 |   1274 |     18 |      0 |   1069 |   2 |  646.0 |
       Dungeon |   1292 |   1274 |     18 |      0 |   1069 |   2 |  646.0 |
               +--------+--------+--------+--------+--------+-----+--------+

Top non-repeatable levels by time:
     D:1: 925 daAuts
     D:2: 367 daAuts
